 Dungeon Crawl Stone Soup version 0.32-a0-975-g85d4e5bfdb (webtiles) character file.

Game seed: 16450284411897936127

106 Hubris850 the Digger (level 4, -10/24 HPs)
             Began as a Deep Elf Earth Elementalist on Apr 18, 2024.
             Was a Follower of Ashenzari.
             Mangled by an iguana (12 damage)
             ... on level 4 of the Dungeon.
             The game lasted 00:06:49 (2596 turns).

Hubris850 the Digger (Deep Elf Earth Elementalist)  Turns: 2596, Time: 00:06:51

Health: -10/24     AC:  3    Str:  5    XL:     4   Next: 55%
Magic:  6/12       EV: 12    Int: 22    God:    Ashenzari [*.....]
Gold:   124        SH:  0    Dex: 15    Spells: 5/12 levels left

rFire   . . .        c - +2 dagger (speed)
rCold   . . .        (no shield)
rNeg    . . .        a - +0 robe "Elysian Fanaticism" {Self, Comp} (curse)
rPois   .            (no helmet)
rElec   .            (no cloak)
rCorr   .            j - +0 pair of gloves of Ashenzari's Pragmatism {Sorc, Cun} (curse)
SInv    .            (no boots)
Will    .....        g - amulet of regeneration
Stlth   +++          (no ring)
HPRegen 1.04/turn    (no ring)
MPRegen 0.13/turn

%: no passive effects
@: very slightly contaminated
A: no striking features
a: Renounce Religion, Shatter the Chains


You were on level 4 of the Dungeon.
You worshipped Ashenzari.
Ashenzari was aware of your devotion.
You visited 1 branch of the dungeon, and saw 4 of its levels.

You collected 124 gold pieces.

Inventory:

Hand Weapons
 c - a +2 dagger of speed (weapon)
Armour
 a - the cursed +0 robe "Elysian Fanaticism" (worn) {Self, Comp}

   It has a curse which improves the following skills: Introspection: Fighting
   and Spellcasting.
   Companions: Summonings and Necromancy.
 j - the cursed +0 pair of gloves of Ashenzari's Pragmatism (worn) {Sorc, Cun}
   (You found it on level 3 of the Dungeon)

   It has a curse which improves the following skills: Sorcery: Conjurations and
   Alchemy.
   Cunning:   Dodging and Stealth.
Jewellery
 g - an amulet of regeneration (around neck)
Scrolls
 d - 6 scrolls of identify
 e - 2 scrolls of revelation
 i - a scroll of teleportation
 l - a scroll of enchant armour
Potions
 b - a potion of magic
 h - 2 potions of lignification
 k - 2 potions of resistance


   Skills:
 + Level 3.3(4.1) Dodging
 + Level 3.5(4.2) Stealth
 + Level 3.9(4.6) Spellcasting
 + Level 2.3(3.0) Conjurations
 + Level 3.9 Earth Magic


You had 5 spell levels left.
You knew the following spells:

 Your Spells              Type           Power      Damage    Failure   Level
a - Sandblast             Erth           44%        2d11      1%          1
b - Passwall              Erth           22%        N/A       6%          3
c - Stone Arrow           Conj/Erth      40%        3d9       8%          3

Your spell library contained the following spells:

 Spells                   Type           Power      Damage    Failure   Level
 Brom's Barrelling Bould  Conj/Erth      20%        2d4       26%         4
 Petrify                  Alch/Erth      14%        N/A       41%         4


Dungeon Overview and Level Annotations

Branches:
Dungeon (4/15)
 Temple: D:4-7

Altars:
Ashenzari


Message History

There is a stone staircase leading down here.
You climb downwards.
Found a +0 leather armour.
There is a stone staircase leading up here.
An iguana comes into view.
Found a scroll of identify.
The iguana hisses angrily.
The blast of sand misses the iguana.
The blast of sand hits the iguana.
The iguana is lightly wounded.
The iguana bites you!
You miscast Sandblast.
You are very lightly contaminated with residual magic.
Nothing appears to happen.
The iguana bites you!
Ouch! That really hurt!
* * * LOW HITPOINT WARNING * * *
You are too injured to fight recklessly!
Unknown command.
You feel better. The iguana bites you!
* * * LOW HITPOINT WARNING * * *
Unknown command.
Unknown command.
Casting: Sandblast (safe; 1% risk of failure)
Confirm with . or Enter, or press ? or * to list all spells.
Okay, then.
Casting: Stone Arrow (quite dangerous; 8% risk of failure)
Confirm with . or Enter, or press ? or * to list all spells.
Okay, then.
Unknown command.
Unknown command.
Casting: Stone Arrow (quite dangerous; 8% risk of failure)
Confirm with . or Enter, or press ? or * to list all spells.
Aiming: Stone Arrow (quite dangerous; 8% risk of failure)
Press: ? - help, Shift-Dir - straight line, f/p - iguana
Aim: an iguana (lightly wounded, 75% to hit)
The stone arrow hits the iguana!
The iguana is almost dead.
The iguana bites you!
Ouch! That really hurt!
You die...

..##..# .....#
?.... # ####.... .#
......# #.# ##
....# #.# #..
#.l##..# #..
###@...#
#..#######......# #
##..............##
..#.[............##
..................#
.........####.....#
..##...## #####.#
##.<.# ..# ##...#
...#


You could see an iguana.

Vanquished Creatures
  3 adders (D:2)
  A gnoll (D:3)
  A dart slug (D:1)
  A ribbon worm (D:2)
  7 orcs (D:3)
  5 ball pythons
  5 endoplasms
  A giant cockroach (D:1)
  4 goblins
  6 hobgoblins
  3 quokkas
  3 bats (D:1)
  4 frilled lizards
  5 kobolds
  8 rats
57 creatures vanquished.

Notes
Turn   | Place    | Note
-------+----------+-------------------------------------------
     0 | D:1      | Hubris850 the Deep Elf Earth Elementalist began the quest
                  | for the Orb.
     0 | D:1      | Reached XP level 1. HP: 10/10 MP: 6/6
   145 | D:1      | Reached XP level 2. HP: 15/15 MP: 6/8
   963 | D:2      | Reached XP level 3. HP: 19/19 MP: 5/9
  1042 | D:2      | Learned a level 3 spell: Passwall
  1046 | D:2      | Learned a level 3 spell: Stone Arrow
  1613 | D:2      | Reached XP level 4. HP: 24/24 MP: 9/11
  1829 | D:2      | Found a faded altar of an unknown god.
  1832 | D:2      | Prayed at the altar of an unknown god.
  1832 | D:2      | Became a worshipper of Ashenzari the Shackled
  2441 | D:3      | Reached * piety under Ashenzari
  2595 | D:4      | HP: 1/24 [iguana (7)]
  2596 | D:4      | Mangled by an iguana

Illustrated notes

Levels and vault maps discovered:
D:1:      spicycebolla_arrival_clurvy, layout_loops_ring, serial_forest,
          infiniplex_forest_clump_tiny, infiniplex_forest_clump_tiny,
          infiniplex_forest_lined_2, infiniplex_forest_end_3,
          infiniplex_forest_end_3, infiniplex_forest_clump_double,
          infiniplex_forest_clump_diagonal, infiniplex_forest_clump_double,
          st_stairs_11, moated_statue
D:2:      layout_basic, dreamdust_ecumenical_altar_grove
D:3:      kb_forest_paths, layout_loops_corners, minmay_door_square,
          grunt_decor_fettered, corexii_leaking_fountain, grunt_decor_junction
D:4:      kennysheep_slugbush, layout_layer_cave, gammafunk_ghost_arena,
          uniq_grinder

Skill      XL: |  1  2  3 |
---------------+----------+-----
Stealth        | 3 |  3.5
Dodging        | 3 |  3.3
Conjurations   | 2 |  2.3
Spellcasting   | |  3.9
Earth Magic    | |  3.9

Action                     |  1- 3 |  4- 6 || total
---------------------------+-------+-------++-------
   Cast: Sandblast         |    52 |    26 ||    78
         Stone Arrow       |       |     1 ||     1
 Invoke: Curse Item        |       |     2 ||     2
    Use: Potion            |       |     1 ||     1
 Armour: Robe              |     8 |     6 ||    14
  Dodge: Dodged            |     9 |     3 ||    12

Table legend: (Time is in decaauts)
 A = Elapsed time spent in this place.
 B = Non-inter-level travel time spent in this place.
 C = Inter-level travel time spent in this place.
 D = Time resting spent in this place.
 E = Time spent auto-exploring this place.
 F = Levels seen in this place.
 G = Mean time per level.
                   A        B        C        D        E       F      G
               +--------+--------+--------+--------+--------+-----+--------+
         Total |   2633 |   2513 |    120 |     34 |   2123 |   4 |  658.2 |
       Dungeon |   2633 |   2513 |    120 |     34 |   2123 |   4 |  658.2 |
               +--------+--------+--------+--------+--------+-----+--------+

Top non-repeatable levels by time:
     D:1: 966 daAuts
     D:2: 957 daAuts
     D:3: 692 daAuts
     D:4: 17 daAuts
